 Dungeon Crawl Stone Soup version 0.28-a0-664-gc179e30c89 (webtiles) character file.

Game seed: 15377735620435596684

1063 blank1 the Cleaver (level 8, -11/71 HPs)
             Began as a Hill Orc Fighter on Oct 17, 2021.
             Mangled by an ogre (14 damage)
             ... on level 5 of the Dungeon.
             The game lasted 00:08:45 (5167 turns).

blank1 the Cleaver (Hill Orc Fighter)               Turns: 5167, Time: 00:08:46

Health: -11/71     AC: 13    Str: 20    XL:     8   Next: 27%
Magic:  8/8        EV:  6    Int:  8    God:
Gold:   227        SH:  5    Dex: 11    Spells: 7/7 levels left

rFire   . . .      SeeInvis .   a - +1 war axe
rCold   . . .      Faith    .   c - +0 buckler
rNeg    . . .      Spirit   .   k - +0 plate armour
rPois   .          Reflect  .   (no helmet)
rElec   .          Harm     .   (no cloak)
rCorr   .          Rampage  .   i - +0 pair of gloves
Will    .....                   (no boots)
Stlth   ..........              (no amulet)
HPRegen 0.21/turn               (no ring)
MPRegen 0.11/turn               (no ring)

@: no status effects
A: no striking features
a: no special abilities


You were on level 5 of the Dungeon.
You visited 2 branches of the dungeon, and saw 6 of its levels.

You collected 227 gold pieces.

Inventory:

Hand Weapons
 a - a +1 war axe (weapon)
Missiles
 g - 9 boomerangs (quivered)
Armour
 c - a +0 buckler (worn)
 i - a +0 pair of gloves (worn)
 k - a +0 plate armour (worn)
Scrolls
 b - a scroll of enchant weapon
 e - a scroll of torment {unknown}
 f - 2 scrolls of identify
 j - a scroll of amnesia {unknown}
 p - a scroll of vulnerability {unknown}
 r - a scroll of teleportation
Potions
 d - 2 potions of might
 h - a potion of magic
 l - a potion of curing
 n - a potion of attraction
 o - a potion of flight
 q - 2 potions of heal wounds


   Skills:
 + Level 6.8 Fighting
 - Level 8.0 Axes
 + Level 5.0 Armour
 - Level 2.0 Dodging
 - Level 5.0 Shields


You had 7 spell levels left.
You didn't know any spells.
Your spell library was empty.

Dungeon Overview and Level Annotations

Branches:
Dungeon (5/15)             Temple (1/1) D:5

Altars:
Ashenzari
Cheibriados
Elyvilon
Fedhas
Gozag
Hepliaklqana
Kikubaaqudgha
Makhleb
Nemelex Xobeh
Qazlal
Ru
Sif Muna
Trog
Vehumet
Wu Jian
Xom
Yredelemnul
The Shining One

Shops:
D:3 [!


Message History

You slash the ogre!
You kill the ogre!
Training target 5.0 for Shields reached!
Your Armour skill increases to level 5!
Your Shields skill increases to level 5!
You see here a +0 giant club.
You start resting.
An ogre comes into view. It is wielding a +0 giant club.
An ogre is nearby!
The ogre shouts!
You hear an angry hiss.
The ogre hits you with a +0 giant club!!
* * * LOW HITPOINT WARNING * * *
You are too injured to fight recklessly!
You are too injured to fight recklessly!
You are too injured to fight recklessly!
You are too injured to fight recklessly!
You are too injured to fight recklessly!
Your plate armour prevents you from hitting the ogre.
You block the ogre's attack.
You hit the ogre.
The ogre is lightly wounded.
You hit the ogre.
The ogre is moderately wounded.
You block the ogre's attack.
You barely miss the ogre.
The ogre is moderately wounded.
The ogre hits you with a +0 giant club.
* * * LOW HITPOINT WARNING * * *
You slash the ogre!
The ogre is severely wounded.
The ogre hits you with a +0 giant club.
* * * LOW HITPOINT WARNING * * *
You completely miss the ogre.
The ogre is heavily wounded.
The ogre hits you with a +0 giant club!
* * * LOW HITPOINT WARNING * * *
You completely miss the ogre.
The ogre is heavily wounded.
The ogre hits you with a +0 giant club!
You die...

### ..#########
########.........#
.......=..# #.#
########..### #.#
#.###. #.....)...# #.#
...... ....###..#.#
##.## ###.## ##
#.@#.###.#.####
#..O..†.###...# ..
#.##.###.#.##.# .#
.(.##.#......#.#####
..#####.#.##..........
.# ... ####..##### #.#
#..####. ..# #...##..
### #.#.#...


You could see an ogre.

Vanquished Creatures
  A sky beast (D:3)
  A necrophage (D:4)
  A black bear (D:3)
  2 ogres
  Blork the orc (D:3)
  A scorpion (D:5)
  2 howler monkeys
  A hound (D:5)
  An iron imp (D:3)
  A jelly (D:4)
  3 orc priests
  Jessica (D:3)
  An iguana (D:5)
  A hound zombie (D:5)
  8 adders
  A river rat (D:4)
  A white imp (D:5)
  An adder skeleton (D:4)
  A worm (D:3)
  5 dart slugs
  10 orcs
  2 ball pythons
  3 endoplasms
  2 giant cockroaches
  8 goblins
  6 hobgoblins
  6 kobolds
  5 quokkas
  3 bats
  3 frilled lizards
  7 rats
90 creatures vanquished.

Notes
Turn   | Place    | Note
-------+----------+-------------------------------------------
     0 | D:1      | blank1 the Hill Orc Fighter began the quest for the Orb.
     0 | D:1      | Reached XP level 1. HP: 19/19 MP: 1/1
   135 | D:1      | Reached XP level 2. HP: 27/27 MP: 2/2
   146 | D:1      | Reached skill level 3 in Axes
   443 | D:1      | Reached XP level 3. HP: 33/33 MP: 3/3
  1147 | D:2      | Reached skill level 1 in Dodging
  1711 | D:3      | Noticed Jessica
  1717 | D:3      | Killed Jessica
  1718 | D:3      | Reached XP level 4. HP: 40/40 MP: 4/4
  1762 | D:3      | Found a glowing golden altar of the Shining One.
  1813 | D:3      | Found a snail-covered altar of Cheibriados.
  1935 | D:3      | Reached skill level 4 in Axes
  1935 | D:3      | Reached XP level 5. HP: 35/46 MP: 5/5
  2081 | D:3      | Found Magig's Antique Armour Shoppe.
  2163 | D:3      | Found Ypegom's Distillery.
  2222 | D:3      | Found a sparkling altar of Nemelex Xobeh.
  2557 | D:3      | Noticed a sky beast
  2576 | D:3      | Killed a sky beast
  2577 | D:3      | Reached skill level 5 in Axes
  2577 | D:3      | Reached XP level 6. HP: 13/53 MP: 6/6
  3009 | D:4      | Noticed a necrophage
  3016 | D:4      | Killed a necrophage
  3017 | D:4      | Reached skill level 5 in Fighting
  3017 | D:4      | Reached skill level 6 in Axes
  3066 | D:4      | Found a shimmering altar of Xom.
  3071 | D:4      | Found a shimmering altar of Xom.
  3075 | D:4      | Noticed Blork the orc
  3078 | D:4      | Noticed a black bear
  3095 | D:3      | Killed a black bear
  3096 | D:3      | Reached XP level 7. HP: 25/62 MP: 7/7
  3304 | D:3      | Killed Blork the orc
  3305 | D:3      | Reached skill level 7 in Axes
  3743 | D:4      | Reached skill level 8 in Axes
  3835 | D:4      | Found a blossoming altar of Fedhas.
  3933 | D:4      | Found a shimmering altar of Xom.
  3952 | D:4      | Found an ornate altar of the Wu Jian Council.
  4274 | D:5      | Entered Level 5 of the Dungeon
  4462 | D:5      | Found a staircase to the Ecumenical Temple.
  4479 | D:5      | Reached XP level 8. HP: 60/71 MP: 8/8
  4486 | Temple   | Entered the Ecumenical Temple
  5149 | D:5      | Reached skill level 5 in Armour
  5149 | D:5      | Reached skill level 5 in Shields
  5166 | D:5      | HP: 3/71 [ogre (14)]
  5167 | D:5      | Mangled by an ogre

Illustrated notes

Levels and vault maps discovered:
D:1:      lemuel_arrival_room, layout_basic, skrybe_limestone_x
D:2:      layout_basic
D:3:      minmay_chambers_of_threes, layout_loops_ring, lemuel_tele_altar,
          nicolae_tso_swordbearing_angel, slow_altar_1, serial_shops, shop,
          shop, minmay_misc_feat_iff, uniq_jessica
D:4:      layout_cave_pools, xom_redecorated, mainiacjoe_overflow_cross_hatched,
          kennysheep_mini, gup_sewer_entry_spiral, minmay_misc_feat_nine_boxes,
          uniq_blork_the_orc
D:5:      layout_loops_ring, minmay_temple_entry_statues_fountains
Temple:   minmay_temple_forest_path

Skill      XL: |  1  2  3  4  5  6  7  8 |
---------------+-------------------------+-----
Axes           | 3 4 5 6 8 |  8.0
Fighting       | 4 5 6 |  6.8
Dodging        | 1 2 |  2.0
Armour         | 4 5 |  5.0
Shields        | 4 5 |  5.0

Action                   |  1- 3 |  4- 6 |  7- 9 || total
-------------------------+-------+-------+-------++-------
Melee: War axe           |    76 |   117 |   124 ||   317
Throw: Boomerang         |     2 |       |       ||     2
  Use: Scroll            |       |     5 |     3 ||     8
Armor: Scale mail        |    30 |       |       ||    30
       Plate armour      |     9 |    87 |    69 ||   165
Dodge: Dodged            |    24 |    41 |    22 ||    87
Block: Buckler           |    20 |    30 |    24 ||    74

Table legend: (Time is in decaauts)
 A = Elapsed time spent in this place.
 B = Non-inter-level travel time spent in this place.
 C = Inter-level travel time spent in this place.
 D = Time resting spent in this place.
 E = Time spent auto-exploring this place.
 F = Levels seen in this place.
 G = Mean time per level.
                   A        B        C        D        E       F      G
               +--------+--------+--------+--------+--------+-----+--------+
         Total |   5277 |   5072 |    205 |    706 |   3510 |   6 |  879.5 |
       Dungeon |   4866 |   4709 |    157 |    706 |   3161 |   5 |  973.2 |
        Temple |    410 |    362 |     48 |      0 |    349 |   1 |  410.0 |
               +--------+--------+--------+--------+--------+-----+--------+

Top non-repeatable levels by time:
     D:3: 1856 daAuts
     D:2: 976 daAuts
     D:4: 821 daAuts
     D:1: 724 daAuts
     D:5: 488 daAuts
  Temple: 410 daAuts
